 Dungeon Crawl Stone Soup version 0.30-a0-760-g5a9884bb7c (webtiles) character file.

Game seed: 5108488759302980251

81 lunkers the Cutter (level 5, -4/45 HPs)
             Began as a Meteoran Fighter on Feb 10, 2023.
             Was a High Priest of Ignis.
             Frozen to death by an endoplasm (5 damage)
             ... on level 3 of the Dungeon.
             The game lasted 00:01:24 (892 turns).

lunkers the Cutter (Meteoran Fighter)                Turns: 892, Time: 00:01:24

Health: -4/45      AC:  9    Str: 17    XL:     5   Next: 0%
Magic:  6/6        EV:  9    Int: 10    God:    Ignis [*****.]
Gold:   65         SH:  5    Dex: 15    Spells: 4/4 levels left

rFire   + . .      SeeInvis .    a - +0 rapier
rCold   . . .      Faith    .    c - +0 buckler
rNeg    . . .      Spirit   .    b - +0 scale mail
rPois   .          Reflect  .    (no helmet)
rElec   .          Harm     .    (no cloak)
rCorr   .          Rampage  .    f - +0 pair of gloves
Will    .....                    k - +0 pair of boots Stlth
                                 (no amulet)
HPRegen 0.27/turn                (no ring)
MPRegen 0.10/turn                (no ring)

@: glowing
A: sense surroundings 1, otherworldly, glowing, explore regen
a: Renounce Religion, Fiery Armour, Foxfire Swarm, Rising Flame


You were on level 3 of the Dungeon.
You worshipped Ignis.
Ignis was extremely pleased with you.
You visited 1 branch of the dungeon, and saw 3 of its levels.

You collected 65 gold pieces.

Inventory:

Hand Weapons
 a - a +0 rapier (weapon)
Armour
 b - a +0 scale mail (worn)
 c - a +0 buckler (worn)
 f - a +0 pair of gloves (worn)
 k - a +0 pair of boots (worn)
Jewellery
 o - an amulet of reflection
Scrolls
 i - a scroll of immolation {unknown}
 j - a scroll of poison {unknown}
 l - a scroll of identify {unknown}
 m - a scroll of fog {unknown}
Potions
 d - a potion of might
 e - a potion of heal wounds {unknown}
 g - a potion of haste {unknown}
 h - a potion of lignification {unknown}
 n - a potion of mutation {unknown}


   Skills:
 - Level 3.2 Fighting
 + Level 5.0 Short Blades
 - Level 3.6 Armour
 - Level 3.6 Shields


You had 4 spell levels left.
You didn't know any spells.
Your spell library was empty.

Dungeon Overview and Level Annotations

Branches:
Dungeon (3/15) Zot: 902

Altars:
Zin
Ignis


Innate Abilities, Weirdness & Mutations

You passively map a small area around you.
You are easily found by Zot.
You glow in the dark.
You regain HP and MP as you explore.


Message History

The endoplasm barely misses you.
You hit the worm.
The worm is almost dead.
The endoplasm freezes you.
You are frozen.
* * * LOW HITPOINT WARNING * * *
The worm barely misses you.
You barely miss the worm.
The worm is almost dead.
The endoplasm freezes you.
You are frozen.
* * * LOW HITPOINT WARNING * * *
You hit the worm but do no damage.
The worm is almost dead.
The endoplasm freezes you.
You are frozen.
* * * LOW HITPOINT WARNING * * *
The worm bites you but does no damage.
You hit the worm but do no damage.
The worm is severely wounded.
The endoplasm barely misses you.
You hit the worm but do no damage.
The worm is severely wounded.
The worm barely misses you. The endoplasm barely misses you.
You hit the worm.
The worm is severely wounded.
The endoplasm hits you but does no damage.
The worm closely misses you.
You barely miss the worm.
The worm is severely wounded.
The endoplasm freezes you.
You are frozen.
* * * LOW HITPOINT WARNING * * *
You hit the worm.
The worm is almost dead.
The worm bites you.
* * * LOW HITPOINT WARNING * * *
The endoplasm freezes you.
You are frozen.
You die...

#.# #.# #.# #.# #.#
#.# #.###.##### #.##
#.# ###..##.<...###
...# #.#
#.....###.....# ..#.#*
##.##.####.#'#.# ..#
###..##.#....#.#.#
.....
#...###.#.##.#.#.#
#.##.# #.###
#.#.#..#.#.. #.#, # *
#@#* *#.#...##.##. ...
#[...Jw..!#.#.#.#...#.
#.##
#?#.#.#.#$#.#.#.#._.#.
.# * *
*#.......##...#.#...#.
,* ##*.#.
####..#.##.##. .. .. *
#..#..#.#.. * * .#,#.
* #...).#.#.. , ## ,
## #.###)#.#.# * ,
####.# #.#'#.#


You could see a worm and an endoplasm.

Vanquished Creatures
  3 adders
  3 gnolls (D:2)
  2 dart slugs (D:2)
  An endoplasm (D:1)
  A hobgoblin (D:3)
  3 jackals (D:2)
  7 kobolds
  A ball python (D:1)
  4 bats
  2 rats (D:3)
27 creatures vanquished.

Notes
Turn   | Place    | Note
-------+----------+-------------------------------------------
     0 | D:1      | lunkers the Meteoran Fighter began the quest for the Orb.
     0 | D:1      | Reached XP level 1. HP: 19/19 MP: 2/2
   162 | D:1      | Reached XP level 2. HP: 26/26 MP: 3/3
   177 | D:1      | Found a faded altar of an unknown god.
   252 | D:1      | Prayed at the altar of an unknown god.
   252 | D:1      | Became a worshipper of Ignis, the Dying Flame
   364 | D:1      | Reached skill level 3 in Short Blades
   399 | D:2      | Reached XP level 3. HP: 14/31 MP: 4/4
   404 | D:2      | Reached skill level 4 in Short Blades
   423 | D:2      | Reached XP level 4. HP: 34/38 MP: 5/5
   433 | D:2      | Identified the +1 robe "Hero's Friend" {*Corrode rElec
                  | Stlth+}
   802 | D:3      | Found a glowing silver altar of Zin.
   882 | D:3      | Reached skill level 5 in Short Blades
   882 | D:3      | Reached XP level 5. HP: 33/45 MP: 6/6
   892 | D:3      | HP: 1/45 [worm (5)]
   892 | D:3      | Frozen to death by an endoplasm

Illustrated notes

Levels and vault maps discovered:
D:1:      dpeg_arrival_houses_and_road, layout_basic,
          ebering_ecumenical_altar_mist, fountainhead
D:2:      layout_basic, kennysheep_donut, chequers_serial_rivers_small_b
D:3:      minmay_spotlight, layout_loops_ring,
          mainiacjoe_overflow_surrounded_room, nicolae_vehumet_altar_sigil

Skill      XL: |  1  2  3  4 |
---------------+-------------+-----
Short Blades   | 3 4 5 |  5.0
Fighting       | |  3.2
Armour         | |  3.6
Shields        | |  3.6

Action                     |  1- 3 |  4- 6 || total
---------------------------+-------+-------++-------
  Melee: Rapier            |    37 |    74 ||   111
    Use: Potion            |     1 |       ||     1
 Armour: Scale mail        |    19 |    28 ||    47
  Dodge: Dodged            |    12 |    26 ||    38
  Block: Buckler           |     6 |    13 ||    19

Table legend: (Time is in decaauts)
 A = Elapsed time spent in this place.
 B = Non-inter-level travel time spent in this place.
 C = Inter-level travel time spent in this place.
 D = Time resting spent in this place.
 E = Time spent auto-exploring this place.
 F = Levels seen in this place.
 G = Mean time per level.
                   A        B        C        D        E       F      G
               +--------+--------+--------+--------+--------+-----+--------+
         Total |    896 |    850 |     46 |      0 |    618 |   3 |  298.7 |
       Dungeon |    896 |    850 |     46 |      0 |    618 |   3 |  298.7 |
               +--------+--------+--------+--------+--------+-----+--------+

Top non-repeatable levels by time:
     D:1: 370 daAuts
     D:2: 335 daAuts
     D:3: 190 daAuts
